 Dungeon Crawl Stone Soup version 0.30.1-3-gfc49f6343a (webtiles) character file.

Game seed: 9381113650902244936

39 Anriel the Shooter (level 3, 0/21 HPs)
             Began as a Deep Elf Hunter on July 25, 2023.
             Slain by a goblin
             ... wielding a +0 dagger
             ... led by Robin
              (1 damage)
             ... on level 2 of the Dungeon.
             The game lasted 00:05:14 (796 turns).

Anriel the Shooter (Deep Elf Hunter)                 Turns: 796, Time: 00:05:15

Health: 0/21       AC:  3    Str:  8    XL:     3   Next: 26%
Magic:  5/5        EV: 13    Int: 13    God:
Gold:   116        SH:  0    Dex: 20    Spells: 2/2 levels left

rFire   . . .        a - +0 shortbow
rCold   . . .        (shield currently unavailable)
rNeg    . . .        c - +0 leather armour
rPois   .            (no helmet)
rElec   .            (no cloak)
rCorr   .            (no gloves)
SInv    .            (no boots)
Will    .....        (no amulet)
Stlth   ++           (no ring)
HPRegen 0.23/turn    (no ring)
MPRegen 0.09/turn

%: no passive effects
@: attractive
A: no striking features
a: no special abilities


You were on level 2 of the Dungeon.
You visited 1 branch of the dungeon, and saw 2 of its levels.

You collected 116 gold pieces.

Inventory:

Hand Weapons
 a - a +0 shortbow (weapon)
 e - a +2 dagger of venom
Armour
 c - a +0 leather armour (worn)
Scrolls
 b - a scroll of immolation
Potions
 h - a potion of curing {unknown}


   Skills:
 + Level 2.0 Fighting
 * Level 6.0 Ranged Weapons
 + Level 3.0 Dodging
 - Level 2.0 Stealth


You had 2 spell levels left.
You didn't know any spells.
Your spell library was empty.

Dungeon Overview and Level Annotations

Branches:
Dungeon (2/15)

Altars:

Annotations:
D:2 Robin


Message History

Aim: Robin, wielding a +0 spear, wearing a +0 animal skin and wearing a +0 helmet (72% to hit)
You shoot an arrow. The arrow closely misses the hobgoblin.
The arrow hits Robin but does no damage.
The goblin no longer looks unusually strong.
The goblin hits you with a +0 dagger. Robin closely misses you.
The hobgoblin barely misses you.
Fire: a) +0 shortbow
Press: ? - help, Q - select action Shift-Dir - straight line, f/p - Robin
Aim: Robin, wielding a +0 spear, wearing a +0 animal skin and wearing a +0 helmet (72% to hit)
You shoot an arrow. The arrow barely misses the hobgoblin.
The arrow hits Robin!
Robin is heavily wounded.
The goblin closely misses you. The hobgoblin barely misses you.
Fire: a) +0 shortbow
Press: ? - help, Q - select action Shift-Dir - straight line, f/p - Robin
Aim: Robin, wielding a +0 spear, wearing a +0 animal skin and wearing a +0 helmet (heavily wounded, 72% to hit)
You shoot an arrow. The arrow hits the hobgoblin.
The hobgoblin is almost dead.
Robin says, "My army is invincible!"
The goblin hits you with a +0 dagger. The hobgoblin barely misses you.
Fire: a) +0 shortbow
Press: ? - help, Q - select action Shift-Dir - straight line, f/p - Robin
Aim: Robin, wielding a +0 spear, wearing a +0 animal skin and wearing a +0 helmet (heavily wounded, 72% to hit)
You shoot an arrow. The arrow hits the hobgoblin.
You kill the hobgoblin!
The goblin misses you.
Fire: a) +0 shortbow
Press: ? - help, Q - select action Shift-Dir - straight line, f/p - Robin
Aim: Robin, wielding a +0 spear, wearing a +0 animal skin and wearing a +0 helmet (heavily wounded, 72% to hit)
You shoot an arrow. The arrow barely misses the goblin.
The arrow hits Robin.
Robin is severely wounded.
The goblin hits you with a +0 dagger.
The goblin unwields a +0 sling.
The goblin wields a +0 dagger.
The goblin hits you with a +0 dagger.
Robin hits you from afar with a +0 spear.
* * * LOW HITPOINT WARNING * * *
The goblin closely misses you.
It was a potion of attraction.
You feel attractive to monsters. The goblin closely misses you.
The goblin hits you with a +0 dagger.
You die...

...#<###.....#
.............#
.............#
..........>..####
..........##....#
........####.####
........# #.#
####### #########
#.#####g....#
#...g@gg....+
#######g....#
#.)...# ###...#
#...# #...# #g..#
#..)# #gg..


You could see Robin and 4 goblins.

Vanquished Creatures
  A dart slug (D:1)
  4 bats
  3 endoplasms (D:1)
  2 giant cockroaches (D:1)
  9 goblins
  2 hobgoblins (D:2)
  A quokka (D:2)
  3 ball pythons (D:1)
  3 frilled lizards
  4 kobolds (D:1)
  A rat (D:1)
33 creatures vanquished.

Notes
Turn   | Place    | Note
-------+----------+-------------------------------------------
     0 | D:1      | Anriel the Deep Elf Hunter began the quest for the Orb.
     0 | D:1      | Reached XP level 1. HP: 12/12 MP: 3/3
   126 | D:1      | Reached XP level 2. HP: 17/17 MP: 4/4
   763 | D:2      | Reached XP level 3. HP: 21/21 MP: 5/5
   776 | D:2      | Noticed Robin
   790 | D:2      | Reached skill level 6 in Ranged Weapons
   795 | D:2      | HP: 1/21 [Robin/+0 spear (6)]
   796 | D:2      | Slain by a goblin

Illustrated notes

Levels and vault maps discovered:
D:1:      dpeg_arrival_tiny_d, layout_loops_ring
D:2:      layout_basic, serial_rivers, chequers_serial_rivers_micro_a,
          chequers_serial_rivers_room_a, chequers_serial_rivers_room_a,
          chequers_serial_rivers_small_3, chequers_serial_rivers_small_a,
          chequers_serial_rivers_large_a, uniq_robin

Skill      XL: |  1  2  3 |
---------------+----------+-----
Stealth        | 2 |  2.0
Fighting       | 2 |  2.0
Ranged Weapons | 6 |  6.0
Dodging        | 3 |  3.0

Action                     || total
---------------------------++-------
  Melee: Dagger            ||     9
   Fire: Shortbow          ||    65
    Use: Scroll            ||     2
         Potion            ||     1
 Armour: Leather armour    ||    15
  Dodge: Dodged            ||    41
